 Dungeon Sprint DCSS version 0.21-a0-297-ga3d34c2 (webtiles) character file.

13224 potatolord6000 the Grappler (level 12, -4/130 HPs)
             Began as a Gnoll Transmuter on Sept 28, 2017.
             Was the Champion of Sif Muna.
             Slain by a deep troll (11 damage)
             ... in the Dungeon (Sprint IX: "|||||||||||||||||||||||||||||").
             The game lasted 00:08:56 (2214 turns).

potatolord6000 the Grappler (Gnoll Transmuter)      Turns: 2214, Time: 00:08:57

Health: -4/130     AC:  8    Str: 17    XL:     12   Next: 3%
Magic:  21/27      EV: 17    Int: 16    God:    Sif Muna [******]
Gold:   1258       SH:  0    Dex: 22    Spells: 11/33 levels left

rFire    . . .     SeeInvis .     - Unarmed
rCold    . . .     Gourm    .   (shield currently unavailable)
rNeg     . . .     Faith    .   (armour currently unavailable)
rPois    +         Spirit   .   (helmet currently unavailable)
rElec    .         Reflect  .   (cloak currently unavailable)
rCorr    .         Harm     .   (gloves currently unavailable)
MR       .....     NoTele   +   (boots currently unavailable)
Stlth    +++++.....             (no amulet)
HPRegen  0.31/turn              n - +3 ring of dexterity
MPRegen  0.20/turn              o - +3 ring of dexterity

@: hydra-form
A: distributed training, strong nose
a: End Transformation, Divine Energy, Channel Magic, Forget Spell, Renounce
Religion


You were in the Dungeon.
You worshipped Sif Muna.
Sif Muna was exalted by your worship.
You were very full.
You were a five-headed hydra.
You visited 1 branch You collected 1258 gold pieces.

Inventory:

Armour
 a - a +2 cloak (melded)
 b - a +2 robe (melded)
 m - a +0 pair of gloves (melded)
Jewellery
 n - a +3 ring of dexterity (left foreclaw)
 o - a +3 ring of dexterity (right foreclaw)
Scrolls
 j - 2 scrolls of blinking
 k - 4 scrolls of remove curse
 l - a scroll of amnesia
 s - a scroll of recharging
Potions
 e - 4 potions of curing
 g - 2 potions of berserk rage
 h - 4 potions of magic
 r - a potion of flight {unknown}
Books
 c - a book of Changes

   Spells                             Type                      Level
   a - Beastly Appendage              Transmutation                1
   b - Sticks to Snakes               Transmutation                2
   c - Spider Form                    Transmutation/Poison         3
   d - Ice Form                       Ice/Transmutation            4
   e - Blade Hands                    Transmutation                5
 i - a Fen Folio

   Spells                             Type                      Level
   a - Corpse Rot                     Necromancy                   2
   b - Stone Arrow                    Conjuration/Earth            3
   c - Leda's Liquefaction            Hexes/Earth                  4
   d - Summon Forest                  Summoning/Translocation      5
   e - Hydra Form                     Transmutation                6
   f - Summon Hydra                   Summoning                    7
 t - Sif Muna's Handbook of Flying Creation
   (Sif Muna gifted it to you in the Dungeon)

   Spells                             Type                      Level
   a - Shock                          Conjuration/Air              1
   b - Summon Lightning Spire         Summoning/Air                4
   c - Shadow Creatures               Summoning                    6
   d - Summon Hydra                   Summoning                    7
   e - Tornado                        Air                          9
Comestibles
 d - 12 bread rations
 f - 10 meat rations
 q - 41 fruits


   Skills:
 + Level 11.2 Fighting
 + Level 11.5 Short Blades
 + Level 10.1 Long Blades
 + Level 10.6 Axes
 + Level 10.6 Maces & Flails
 + Level 10.4 Polearms
 + Level 10.3 Staves
 + Level 10.1 Slings
 + Level 10.6 Bows
 + Level 10.4 Crossbows
 + Level 9.9 Throwing
 + Level 10.8 Armour
 + Level 11.2 Dodging
 + Level 10.6 Stealth
   Level 0.0 Stabbing
 + Level 10.4 Shields
   Level 0.0 Traps
 + Level 12.0 Unarmed Combat
 + Level 11.3 Spellcasting
 + Level 11.1 Conjurations
 + Level 10.5 Hexes
 + Level 11.0 Charms
 + Level 10.2 Summonings
 + Level 11.0 Necromancy
 + Level 10.8 Translocations
 + Level 11.6 Transmutations
 + Level 10.0 Fire Magic
 + Level 10.8 Ice Magic
 + Level 10.4 Air Magic
 + Level 10.4 Earth Magic
 + Level 10.4 Poison Magic
 + Level 11.1 Invocations
 + Level 9.7 Evocations


You had 11 spell levels left.
You knew the following spells:

 Your Spells              Type           Power        Failure   Level  Hunger
a - Ice Form              Ice/Tmut       #####...     1%          4    ###....
b - Blade Hands           Tmut           #####.....   1%          5    #####..
c - Summon Hydra          Summ           #####.....   69%         7    #######
d - Hydra Form            Tmut           #####.....   10%         6    ######.


Dungeon Overview and Level Annotations

Branches:
Dungeon (1/1)

Altars:
Cheibriados
Dithmenos
Elyvilon
Fedhas
Gozag
Hepliaklqana
Kikubaaqudgha
Makhleb
Nemelex Xobeh
Okawaru
Qazlal
Ru
Sif Muna
Trog
Uskayaw
Vehumet
Wu Jian
Xom
Yredelemnul
Zin
The Shining One
Beogh
Jiyva
Lugonu

Shops:
D **!*


Innate Abilities, Weirdness & Mutations

Your experience applies equally to all skills.
((You have very sharp teeth.))
Your uncanny sense of smell can sniff out nearby items.


Message History

The ogre mage casts a spell at you. The crystal spear misses you.
The crystal spear hits the deep troll.
The deep troll bites you but does no damage.
The deep troll claws you!
* * * LOW HITPOINT WARNING * * *
The deep troll barely misses you.
You nip at the ogre mage.
The ogre mage is lightly wounded.
You nip at the deep troll.
The ogre mage casts a spell.
The ogre mage blinks!
The deep troll bites you!!
* * * LOW HITPOINT WARNING * * *
The deep troll completely misses you. The deep troll claws you.
* * * LOW HITPOINT WARNING * * *
You completely miss the deep troll.
The deep troll is almost dead.
The deep troll bites you.
* * * LOW HITPOINT WARNING * * *
The deep troll claws you!
You die...

......'))†(.[÷.([..)(..'_________
▓▓▓▓▓▓▓▓▓▓▓▓▓▓▓▓▓▓▓▓▓▓▓▓▓▓▓▓▓▓▓▓▓
.................................
▓▓▓▓▓▓▓▓▓▓▓▓▓▓▓▓▓▓▓▓▓▓▓▓▓▓▓▓▓▓▓▓▓
.'..[[[[..'((():....†.†'........†
▓▓▓▓▓▓▓▓▓▓▓▓▓▓▓▓▓▓▓▓▓▓▓▓▓▓▓▓▓▓▓▓▓
.....).............†[............
▓▓▓▓▓▓▓▓▓▓▓▓▓▓▓▓▓▓▓▓▓▓▓▓▓▓▓▓▓▓▓▓▓
∆∆..$∩TTTD§∩$$$O):.)......
▓▓▓▓▓▓▓▓▓▓▓▓▓▓▓▓▓▓▓▓▓▓▓▓ ∆∆∆∆
∆∆∆∆


You could see an ogre mage, 2 deep trolls and a troll.

Vanquished Creatures
  An ogre mage (D)
  A centaur warrior (D)
  3 death yaks (D)
  An orc high priest (D)
  Sonja (D)
  2 deep trolls (D)
  An orc knight (D)
  2 ugly things (D)
  A black mamba (D)
  2 spiny frogs (D)
  7 trolls (D)
  A blink frog (D)
  A hippogriff (D)
  9 yaks (D)
  Eustachio (D)
  Grum (D)
  3 water moccasins (D)
  A porcupine (D)
  13 orc warriors (D)
  An ice beast (D)
  4 wolves (D)
  2 crocodiles (D)
  A big kobold (D)
  5 bullfrogs (D)
  2 hounds (D)
  5 orc priests (D)
  3 orc wizards (D)
  A shadow imp (D)
  A leopard gecko (D)
  5 orcs (D)
  A bat skeleton (D)
  2 hobgoblins (D)
  A frilled lizard (D)
  A kobold (D)
  A quokka skeleton (D)
  A rat (D)
89 creatures vanquished.

Notes
Turn   | Place    | Note
-------+----------+-------------------------------------------
     0 | D        | potatolord6000 the Gnoll Transmuter began the quest for the Orb.
     0 | D        | Reached XP level 1. HP: 17/17 MP: 6/6
    10 | D        | Reached skill level 1 in Necromancy
    15 | D        | Reached skill level 1 in Crossbows
    15 | D        | Reached skill level 1 in Air Magic
    19 | D        | Reached skill level 1 in Stealth
    19 | D        | Reached skill level 5 in Transmutations
    20 | D        | Reached skill level 1 in Polearms
   143 | D        | Noticed a hound
   143 | D        | Noticed an ice beast
   143 | D        | Noticed a hound
   149 | D        | Killed a hound
   149 | D        | Reached skill level 1 in Short Blades
   149 | D        | Reached skill level 1 in Maces & Flails
   149 | D        | Reached skill level 1 in Staves
   149 | D        | Reached skill level 1 in Slings
   149 | D        | Reached skill level 1 in Bows
   149 | D        | Reached skill level 1 in Armour
   149 | D        | Reached skill level 5 in Spellcasting
   149 | D        | Reached skill level 1 in Hexes
   149 | D        | Reached skill level 1 in Charms
   149 | D        | Reached skill level 1 in Summonings
   149 | D        | Reached skill level 1 in Translocations
   149 | D        | Reached skill level 1 in Poison Magic
   149 | D        | Reached skill level 1 in Invocations
   149 | D        | Reached skill level 1 in Evocations
   149 | D        | Reached XP level 2. HP: 25/25 MP: 6/8
   149 | D        | Reached XP level 3. HP: 30/30 MP: 6/9
   152 | D        | Killed an ice beast
   152 | D        | Reached skill level 5 in Dodging
   152 | D        | Reached skill level 7 in Unarmed Combat
   152 | D        | Reached XP level 4. HP: 31/37 MP: 6/11
   152 | D        | Reached XP level 5. HP: 36/42 MP: 7/13
   284 | D        | Found a roughly hewn altar of Beogh.
   284 | D        | Found a snail-covered altar of Cheibriados.
   284 | D        | Found a shadowy altar of Dithmenos.
   284 | D        | Found a white marble altar of Elyvilon.
   284 | D        | Found a blossoming altar of Fedhas.
   284 | D        | Found an opulent altar of Gozag.
   285 | D        | Found a hazy altar of Hepliaklqana.
   286 | D        | Found a viscous altar of Jiyva.
   287 | D        | Found an ancient bone altar of Kikubaaqudgha.
   288 | D        | Found a corrupted altar of Lugonu.
   289 | D        | Found a burning altar of Makhleb.
   290 | D        | Found a sparkling altar of Nemelex Xobeh.
   291 | D        | Found an iron altar of Okawaru.
   292 | D        | Found a stormy altar of Qazlal.
   293 | D        | Found a sacrificial altar of Ru.
   294 | D        | Found a deep blue altar of Sif Muna.
   295 | D        | Found a bloodstained altar of Trog.
   296 | D        | Found a hide-covered altar of Uskayaw.
   297 | D        | Found a radiant altar of Vehumet.
   298 | D        | Found an ornate altar of the Wu Jian Council.
   299 | D        | Found a shimmering altar of Xom.
   300 | D        | Found a basalt altar of Yredelemnul.
   301 | D        | Found a glowing silver altar of Zin.
   302 | D        | Found a glowing golden altar of the Shining One.
   304 | D        | Became a worshipper of Sif Muna the Loreminder
   325 | D        | Learned a level 4 spell: Ice Form
   331 | D        | Learned a level 5 spell: Blade Hands
   358 | D        | Noticed a big kobold
   358 | D        | Noticed a troll
   358 | D        | Noticed an orc warrior
   364 | D        | Killed an orc warrior
   364 | D        | Reached skill level 5 in Fighting
   364 | D        | Reached skill level 8 in Unarmed Combat
   364 | D        | Reached XP level 6. HP: 22/51 MP: 9/15
   369 | D        | Killed a troll
   369 | D        | Reached * piety under Sif Muna
   369 | D        | Reached skill level 5 in Short Blades
   369 | D        | Reached skill level 5 in Polearms
   369 | D        | Reached skill level 5 in Staves
   369 | D        | Reached skill level 5 in Bows
   369 | D        | Reached skill level 5 in Throwing
   369 | D        | Reached skill level 5 in Armour
   369 | D        | Reached skill level 5 in Stealth
   369 | D        | Reached skill level 5 in Shields
   369 | D        | Reached skill level 5 in Conjurations
   369 | D        | Reached skill level 5 in Summonings
   369 | D        | Reached skill level 5 in Necromancy
   369 | D        | Reached skill level 5 in Ice Magic
   369 | D        | Reached skill level 5 in Air Magic
   369 | D        | Reached skill level 5 in Invocations
   369 | D        | Reached XP level 7. HP: 26/57 MP: 10/17
   375 | D        | Reached ** piety under Sif Muna
   375 | D        | Reached skill level 5 in Axes
   375 | D        | Reached skill level 5 in Maces & Flails
   375 | D        | Reached skill level 5 in Crossbows
   375 | D        | Reached skill level 5 in Hexes
   375 | D        | Reached skill level 5 in Charms
   375 | D        | Reached skill level 5 in Translocations
   375 | D        | Reached skill level 5 in Earth Magic
   375 | D        | Reached skill level 5 in Poison Magic
   378 | D        | Reached skill level 5 in Long Blades
   378 | D        | Reached skill level 5 in Slings
   378 | D        | Reached skill level 5 in Fire Magic
   579 | D        | Noticed a white ugly thing
   579 | D        | Noticed a centaur warrior
   579 | D        | Noticed a purple ugly thing
   597 | D        | Killed a green ugly thing
   597 | D        | Reached skill level 5 in Evocations
   597 | D        | Reached XP level 8. HP: 56/65 MP: 15/19
   607 | D        | Killed a centaur warrior
   607 | D        | Reached *** piety under Sif Muna
   607 | D        | Reached skill level 9 in Unarmed Combat
   615 | D        | Killed a white ugly thing
   615 | D        | Reached XP level 9. HP: 48/72 MP: 16/21
   904 | D        | Reached **** piety under Sif Muna
   911 | D        | Reached skill level 10 in Unarmed Combat
   918 | D        | Reached ***** piety under Sif Muna
   923 | D        | Identified Dufinn's Disquisition on the Gliding Mountains (Sif Muna gifted it to you in the Dungeon)
   923 | D        | Received a gift from Sif Muna
  1027 | D        | Noticed a spiny frog
  1027 | D        | Noticed a black mamba
  1027 | D        | Noticed a spiny frog
  1033 | D        | Killed a spiny frog
  1033 | D        | Reached XP level 10. HP: 66/82 MP: 18/23
  1035 | D        | Killed a black mamba
  1040 | D        | Killed a spiny frog
  1046 | D        | Reached skill level 10 in Transmutations
  1160 | D        | Noticed a death yak
  1160 | D        | Noticed a death yak
  1160 | D        | Noticed a death yak
  1166 | D        | Killed a death yak
  1166 | D        | Reached skill level 10 in Dodging
  1172 | D        | Killed a death yak
  1172 | D        | Identified Sif Muna's Compendium of Fire (Sif Muna gifted it to you in the Dungeon)
  1172 | D        | Received a gift from Sif Muna
  1172 | D        | Reached skill level 11 in Unarmed Combat
  1178 | D        | Killed a death yak
  1178 | D        | Reached skill level 10 in Spellcasting
  1184 | D        | Reached XP level 11. HP: 45/90 MP: 22/25
  1191 | D        | Reached skill level 10 in Short Blades
  1452 | D        | Noticed Eustachio
  1465 | D        | Killed Eustachio
  1473 | D        | Noticed Sonja
  1476 | D        | Noticed Grum
  1483 | D        | Reached skill level 10 in Necromancy
  1490 | D        | Killed Grum
  1490 | D        | Reached skill level 10 in Fighting
  1492 | D        | Reached skill level 10 in Ice Magic
  1495 | D        | Killed Sonja
  1500 | D        | Identified Sif Muna's Handbook of Flying Creation (Sif Muna gifted it to you in the Dungeon)
  1500 | D        | Received a gift from Sif Muna
  1524 | D        | Learned a level 7 spell: Summon Hydra
  1594 | D        | Reached skill level 10 in Conjurations
  1614 | D        | Reached skill level 10 in Invocations
  1810 | D        | Noticed an orc high priest
  1815 | D        | Reached skill level 10 in Charms
  1831 | D        | Reached skill level 10 in Armour
  1831 | D        | Reached skill level 10 in Stealth
  1833 | D        | Reached skill level 10 in Maces & Flails
  1839 | D        | Killed an orc high priest
  1839 | D        | Received a gift from Sif Muna
  1839 | D        | Reached skill level 10 in Axes
  1839 | D        | Reached skill level 10 in Bows
  1839 | D        | Reached skill level 10 in Hexes
  1839 | D        | Reached skill level 10 in Translocations
  1844 | D        | Reached skill level 10 in Polearms
  1847 | D        | Reached skill level 10 in Earth Magic
  1847 | D        | Reached skill level 10 in Poison Magic
  1850 | D        | Noticed an orc knight
  1869 | D        | Killed an orc knight
  1869 | D        | Reached skill level 10 in Shields
  1869 | D        | Reached skill level 10 in Summonings
  1869 | D        | Reached skill level 10 in Air Magic
  1900 | D        | Learned a level 6 spell: Hydra Form
  2160 | D        | Found Hien's General Store.
  2160 | D        | Noticed a deep troll
  2160 | D        | Noticed an ogre mage
  2162 | D        | Noticed a deep troll
  2166 | D        | Killed an ogre mage
  2171 | D        | Killed a deep troll
  2179 | D        | Killed a deep troll
  2179 | D        | Reached skill level 10 in Staves
  2179 | D        | Reached skill level 10 in Slings
  2179 | D        | Reached skill level 10 in Crossbows
  2179 | D        | Reached skill level 10 in Fire Magic
  2184 | D        | Identified Lentimal's Guide on Confrontation (Sif Muna gifted it to you in the Dungeon)
  2184 | D        | Received a gift from Sif Muna
  2189 | D        | Reached ****** piety under Sif Muna
  2189 | D        | Reached skill level 10 in Long Blades
  2194 | D        | Reached skill level 12 in Unarmed Combat
  2194 | D        | Reached XP level 12. HP: 99/100 MP: 24/27
  2195 | D        | Found Lone's Distillery.
  2198 | D        | Found Peli's General Store.
  2200 | D        | Found Cuiqeg's General Store.
  2202 | D        | Noticed an ogre mage
  2214 | D        | Slain by a deep troll

Vault maps used:
D:        linesprint

Skill      XL: |  1  2  3  4  5  6  7  8  9 10 11 12 |
---------------+-------------------------------------+-----
Necromancy     | 2 3 4 5 6 8 9 10 11 | 11.0
Crossbows      | 1 2 4 5 6 7 8 10 | 10.4
Air Magic      | 2 3 4 5 6 7 9 10 | 10.4
Stealth        | 2 3 4 5 6 8 10 | 10.6
Transmutations | 5 6 7 8 9 10 11 | 11.6
Polearms       | 2 3 4 5 6 7 8 9 10 | 10.4
Fighting       | 3 4 5 6 7 8 9 11 | 11.2
Short Blades   | 1 2 4 5 6 8 9 11 | 11.5
Long Blades    | 2 3 4 5 6 7 8 10 | 10.1
Axes           | 2 3 4 5 6 8 9 10 | 10.6
Maces & Flails | 1 2 4 5 6 7 8 10 | 10.6
Staves         | 1 2 4 5 6 7 8 10 | 10.3
Slings         | 1 2 4 5 6 7 8 10 | 10.1
Bows           | 1 3 4 5 6 7 9 10 | 10.6
Throwing       | 2 4 5 6 7 8 9 |  9.9
Armour         | 1 3 4 5 7 8 9 10 | 10.8
Shields        | 2 3 4 5 6 7 9 10 | 10.4
Spellcasting   | 5 6 7 8 9 10 11 | 11.3
Conjurations   | 2 3 4 5 6 7 8 9 11 | 11.1
Hexes          | 1 2 4 5 6 8 9 10 | 10.5
Charms         | 1 2 3 4 5 6 8 9 11 | 11.0
Summonings     | 1 2 4 5 6 8 9 10 | 10.2
Translocations | 1 2 4 5 6 7 9 10 | 10.8
Ice Magic      | 2 3 4 5 6 7 8 9 10 | 10.8
Earth Magic    | 2 3 4 5 6 8 9 10 | 10.4
Poison Magic   | 1 2 4 5 6 7 9 10 | 10.4
Invocations    | 1 2 4 5 6 7 8 9 11 | 11.1
Evocations     | 1 2 3 4 5 6 7 8 9 |  9.7
Dodging        | 5 6 7 8 9 10 11 | 11.2
Unarmed Combat | 7 8 9 10 11 12 | 12.0
Fire Magic     | 2 3 4 5 6 7 8 10 | 10.0

Action                   |  1- 3 |  4- 6 |  7- 9 | 10-12 || total
-------------------------+-------+-------+-------+-------++-------
Melee: Unarmed           |    23 |    12 |    76 |   168 ||   279
       Bite              |     3 |       |     7 |     5 ||    15
       Punch             |     1 |       |     2 |     5 ||     8
       Kick              |     1 |       |       |       ||     1
 Cast: Beastly Appendage |     1 |       |       |       ||     1
       Ice Form          |       |     1 |     1 |     2 ||     4
       Blade Hands       |       |       |     2 |     3 ||     5
       Hydra Form        |       |       |       |     2 ||     2
  Use: Potion            |     1 |     1 |     4 |     6 ||    12
       Scroll            |       |     1 |     5 |       ||     6
 Stab: Invisible         |       |       |     7 |       ||     7
       Sleeping          |       |       |     1 |       ||     1
       Distracted        |       |       |       |     1 ||     1
  Eat: Fruit             |       |       |     3 |       ||     3
       Bread ration      |       |       |     1 |       ||     1
       Meat ration       |       |       |       |     2 ||     2
Armor: Robe              |     1 |       |     4 |     5 ||    10
       Skin              |       |     2 |     1 |     5 ||     8
Dodge: Dodged            |     9 |     8 |    26 |   101 ||   144

Table legend:
 A = Spawn XP
 B = Non-spawn XP
 C = Spawn XP percentage of total XP
 D = Spawn monster count
 E = Non-spawn monster count
 F = Spawn count percentage of total count
 G = Total turns spent on level
                    A         B        C        D         E        F      G
               +---------+---------+-------+---------+---------+-------+---------
         Total |       0 |   18892 |   0.0 |       0 |      89 |   0.0 |  2214
               +---------+---------+-------+---------+---------+-------+---------
             D |       0 |   18892 |   0.0 |       0 |      89 |   0.0 |  2214
               +---------+---------+-------+---------+---------+-------+---------
